 Dungeon Crawl Stone Soup version 0.31.0-32-g396128a36d (webtiles) character file.

Game seed: 4120194226417715023

711 PaiMei the Purveyor of Pain (level 7, -5/46 HPs)
             Began as a Demonspawn Necromancer on Mar 29, 2024.
             Was an Initiate of Kikubaaqudgha.
             Killed by divine providence
             ... invoked by an orc priest
              (14 damage)
             ... on level 8 of the Dungeon.
             The game lasted 00:04:31 (4168 turns).

PaiMei the Purveyor of Pain (DsNe)                  Turns: 4168, Time: 00:04:31

Health: -5/46      AC: 11    Str:  9    XL:     7   Next: 40%
Magic:  2/13       EV: 11    Int: 17    God:    Kikubaaqudgha [......]
Gold:   160        SH:  0    Dex: 13    Spells: 10/14 levels left

rFire   . . .        c - +0 spear (heavy)
rCold   . . .        (no shield)
rNeg    . . .        r - +4 ring mail
rPois   .            (no helmet)
rElec   .            (no cloak)
rCorr   .            (no gloves)
SInv    .            (no boots)
Will    .....        g - amulet of the acrobat
Stlth   ++           (no ring)
HPRegen 0.27/turn    (no ring)
MPRegen 0.13/turn

%: acrobat
@: no status effects
A: hooves 2, icy blue scales 1, foul stench 1
a: Renounce Religion


You were on level 8 of the Dungeon.
You worshipped Kikubaaqudgha.
Kikubaaqudgha was noncommittal.
You visited 1 branch of the dungeon, and saw 6 of its levels.

You collected 160 gold pieces.

Inventory:

Hand Weapons
 c - a +0 heavy spear (weapon)
Missiles
 i - 3 poisoned darts
 p - 5 darts of dispersal (quivered)
Armour
 r - a +4 ring mail (worn)
Jewellery
 g - an amulet of the acrobat (around neck)
 n - a ring of flight
Wands
 a - a wand of flame (3)
 t - a wand of light (8)
Scrolls
 e - a scroll of silence {unknown}
 f - 4 scrolls of identify {unknown}
 j - 3 scrolls of teleportation {unknown}
 l - 2 scrolls of blinking {unknown}
 o - 3 scrolls of fog {unknown}
 q - 2 scrolls of immolation {unknown}
 s - a scroll of enchant weapon {unknown}
 u - a scroll of revelation {unknown}
Potions
 b - a potion of magic
 d - 2 potions of curing {unknown}
 h - 2 potions of lignification {unknown}
 k - a potion of enlightenment {unknown}
 m - a potion of might {unknown}
 v - a potion of haste {unknown}


   Skills:
 + Level 4.0 Dodging
 + Level 4.3 Stealth
 + Level 4.2 Spellcasting
 + Level 6.2 Necromancy


You had 10 spell levels left.
You knew the following spells:

 Your Spells              Type           Power      Damage    Failure   Level
a - Necrotise             Necr           96%        1d8       3%          1
b - Vampiric Draining     Necr           24%        2d7       10%         3

Your spell library contained the following spells:

 Spells                   Type           Power      Damage    Failure   Level
 Animate Dead             Necr           24%        N/A       32%         4
 Magic Dart               Conj           12%        1d3       41%         1
 Mercury Vapours          Alch/Air       6%         N/A       54%         2
 Searing Ray              Conj           6%         2d4       54%         2
 Curse of Agony           Necr           24%        N/A       67%         5
 Mephitic Cloud           Conj/Alch/Air  3%         N/A       78%         3
 Fulminant Prism          Conj/Alch      1%         3d5       99%         4
 Freezing Cloud           Conj/Ice/Air   1%         6-21      100%        5


Dungeon Overview and Level Annotations

Branches:
Dungeon (5/15)
 Temple: D:4-7

Altars:
Gozag
Kikubaaqudgha


Innate Abilities, Weirdness & Mutations

You have hoof-like feet.
You are partially covered in icy blue scales. (AC +2)
You may rarely emit foul miasma when damaged in melee.


Message History

a +0 dagger; a +0 robe; an orc corpse
Casting: Vampiric Draining (dangerous; 10% risk of failure)
Confirm with . or Enter, or press ? or * to list all spells.
Aiming: Vampiric Draining (dangerous; 10% risk of failure)
Press: ? - help, Shift-Dir - straight line, f - orc
Aim: an orc, wielding a +0 whip and quivering boomerangs You draw life force from the orc!
You kill the orc!
Kikubaaqudgha accepts your kill.
You feel life coursing into your body.
You hit the orc priest but do no damage.
Your kick misses the orc priest. The orc priest closely misses you.
The orc priest hits you with a +0 flail.
Casting: Vampiric Draining (dangerous; 10% risk of failure)
Confirm with . or Enter, or press ? or * to list all spells.
Aiming: Vampiric Draining (dangerous; 10% risk of failure)
Press: ? - help, Shift-Dir - straight line, f - orc priest
Aim: an orc priest, wielding a +0 flail You draw life force from the orc priest.
You feel life coursing into your body.
The orc priest hits you with a +0 flail.
You barely miss the orc priest.
You kick the orc priest, but do no damage.
The orc priest is moderately wounded.
The orc priest hits you but does no damage.
Casting: Vampiric Draining (dangerous; 10% risk of failure)
Confirm with . or Enter, or press ? or * to list all spells.
You don't have enough magic to cast this spell.
Casting: Vampiric Draining (dangerous; 10% risk of failure)
Confirm with . or Enter, or press ? or * to list all spells.
You don't have enough magic to cast this spell.
You closely miss the orc priest.
The orc priest is moderately wounded.
The orc priest invokes the aid of Beogh against you.
Beogh smites you!
* * * LOW HITPOINT WARNING * * *
The orc priest calls down the wrath of Beogh upon you.
Beogh smites you!
You die...
Kikubaaqudgha rasps: "You have failed me!
Welcome... death!"

.. ..... ....#.......# ##
#.##.... ... ###.....#
##..#.... ... #.......####
...o....# #..........#
........# #...##.###..
........# #...##.####.
.......)# #...##..####
......).########...###.##..
.........o@...............#
........########...####....
.[......# #...# #####
........# ##### #########


You could see an orc priest.

Vanquished Creatures
  A wyvern (D:8)
  An ogre (D:4)
  A centaur (D:8)
  2 scorpions
  A bombardier beetle (D:5)
  2 orc priests
  An iguana (D:4)
  2 orc wizards
  4 adders
  2 ufetubi (D:5)
  A dart slug (D:2)
  6 orcs
  2 bats
  9 endoplasms
  3 giant cockroaches
  3 goblins
  7 hobgoblins
  3 jackals (D:1)
  4 quokkas
  6 ball pythons
  A frilled lizard (D:3)
  6 kobolds
  5 rats
73 creatures vanquished.

Vanquished Creatures (collateral kills)
  A ball python (D:1)
  4 goblins (D:1)
  A frilled lizard (D:1)
6 creatures vanquished.

Grand Total: 79 creatures vanquished

Notes
Turn   | Place    | Note
-------+----------+-------------------------------------------
     0 | D:1      | PaiMei the Demonspawn Necromancer began the quest for the
                  | Orb.
     0 | D:1      | Reached XP level 1. HP: 13/13 MP: 3/3
   163 | D:1      | Gained mutation: You have large cloven feet. [demonic
                  | ancestry]
   163 | D:1      | Reached XP level 2. HP: 19/19 MP: 3/5
   230 | D:1      | Found a faded altar of an unknown god.
   981 | D:1      | Gained mutation: You are partially covered in icy blue
                  | scales. (AC +2) [demonic ancestry]
   981 | D:1      | Reached XP level 3. HP: 19/24 MP: 1/6
   985 | D:1      | Learned a level 3 spell: Vampiric Draining
  2018 | D:2      | Reached XP level 4. HP: 30/30 MP: 5/8
  2491 | D:3      | Found an opulent altar of Gozag.
  2619 | D:3      | Noticed a scorpion
  2626 | D:3      | Killed a scorpion
  2627 | D:3      | Reached skill level 5 in Necromancy
  2627 | D:3      | Gained mutation: You have hoof-like feet. [demonic
                  | ancestry]
  2627 | D:3      | Reached XP level 5. HP: 28/35 MP: 5/9
  3427 | D:4      | Noticed an ogre
  3433 | D:4      | Killed an ogre
  3434 | D:4      | Reached XP level 6. HP: 27/41 MP: 8/11
  3664 | D:4      | Found an ancient bone altar of Kikubaaqudgha.
  3672 | D:4      | Became a worshipper of Kikubaaqudgha
  3828 | D:5      | Entered Level 5 of the Dungeon
  3890 | D:5      | You fall into a shaft and drop 3 floors!
  3961 | D:8      | Noticed a wyvern
  3968 | D:8      | Killed a wyvern
  3969 | D:8      | Reached skill level 6 in Necromancy
  3969 | D:8      | Gained mutation: You may rarely emit foul miasma when
                  | damaged in melee. [demonic ancestry]
  3969 | D:8      | Reached XP level 7. HP: 38/46 MP: 2/13
  4168 | D:8      | Killed from afar by an orc priest

Illustrated notes

Levels and vault maps discovered:
D:1:      dpeg_arrival_rooms_with_view, layout_loops_ring,
          shapermc_ecumenical_altar_pompeii, minivault_11
D:2:      layout_basic
D:3:      layout_loops_ring, mainiacjoe_overflow_tiny_flanked
D:4:      layout_loops_cross, mainiacjoe_overflow_alcove_4
D:5:      layout_basic, amcnicky_altar_gilded, minmay_chambers_of_fives
D:8:      layout_rooms, grunt_temple_overflow_cloverleaf, uniq_psyche

Skill      XL: |  1  2  3  4  5  6 |
---------------+-------------------+-----
Stealth        | 2 3 4 |  4.3
Dodging        | 2 3 4 |  4.0
Spellcasting   | 3 4 |  4.2
Necromancy     | 5 6 |  6.2

Action                     |  1- 3 |  4- 6 |  7- 9 || total
---------------------------+-------+-------+-------++-------
  Melee: Spear             |     9 |    49 |    16 ||    74
         Kick              |     1 |    10 |     2 ||    13
   Cast: Necrotise         |    74 |    42 |     2 ||   118
         Vampiric Draining |       |    10 |     5 ||    15
 Armour: Robe              |    19 |    27 |       ||    46
         Ring mail         |       |    36 |    34 ||    70
  Dodge: Dodged            |    18 |    74 |     5 ||    97
